 Dungeon Crawl Stone Soup version 0.20.1-1-g8b1a95d (webtiles) character file.

25 Zedayar the Sneak (level 2, -11/14 HPs)
             Began as a Spriggan Assassin on Aug 26, 2017.
             Was an Initiate of Gozag.
             Mangled by a worm (12 damage)
             ... on level 2 of the Dungeon.
             The game lasted 00:04:48 (1193 turns).

Zedayar the Sneak (Spriggan Assassin)               Turns: 1193, Time: 00:04:48

Health: -11/14     AC:  3    Str:  7    XL:     2   Next: 86%
Magic:  3/3        EV: 17    Int: 12    God:    Gozag
Gold:   61         SH:  0    Dex: 17    Spells: 1/1 levels left

rFire    . . .     SeeInvis +   a - +2 dagger
rCold    . . .     Gourm    .   (shield restricted)
rNeg     . . .     Faith    .   c - +0 robe
rPois    .         Spirit   .   (helmet restricted)
rElec    .         Reflect  .   d - +0 cloak
rCorr    .         Harm     .   (gloves unavailable)
MR       +....                  (boots unavailable)
Stlth    ++++......             (no amulet)
Regen    0.1/turn               h - ring of protection from magic
MPRegen  0.1/turn               (no ring)

@: very quick
A: unfitting armour, see invisible, herbivore 3, speed 3, slow metabolism 2
a: Potion Petition, Call Merchant, Bribe Branch, Renounce Religion


You were on level 2 of the Dungeon.
You worshipped Gozag.
Gozag was noncommittal.
You were not hungry.

You visited 1 branch of the dungeon, and saw 2 of its levels.

You collected 82 gold pieces.
You paid 21 gold pieces to Gozag.

Inventory:

Hand Weapons
 a - a +2 dagger (weapon)
 b - a +0 blowgun
Missiles
 e - 8 poisoned needles
 f - 2 curare-tipped needles
Armour
 c - a +0 robe (worn)
 d - a +0 cloak (worn)
Jewellery
 h - a ring of protection from magic (left hand)
Scrolls
 i - 2 scrolls of blinking {unknown}
 k - 2 scrolls of immolation {unknown}
 l - a scroll of fear {unknown}
 m - 3 scrolls of identify {unknown}
 n - a scroll of magic mapping {unknown}
Comestibles
 g - a bread ration
 j - 2 fruits


   Skills:
 + Level 1.5 Fighting
 + Level 2.7 Short Blades
 + Level 2.1 Throwing
 + Level 1.9 Dodging
 + Level 6.7 Stealth


You had one spell level left.
You didn't know any spells.

Dungeon Overview and Level Annotations

Branches:
Dungeon (2/15)

Altars:
Gozag
Trog
Uskayaw


Innate Abilities, Weirdness & Mutations

You are very small and have problems with some larger weapons.
You are too small for most types of armour.
You have supernaturally acute eyesight. (SInv)
You are a herbivore.
You cover ground extremely quickly.
You need consume almost no food.


Message History

The worm is heavily wounded.
The worm barely misses you.
You hit the worm.
The worm is heavily wounded.
You hit the worm.
The worm is severely wounded.
The worm barely misses you.
You barely miss the worm.
The worm is severely wounded.
You barely miss the worm.
The worm is severely wounded.
The worm completely misses you.
You hit the worm.
The worm is almost dead.
You hit the worm.
The worm is almost dead.
The worm bites you!
Ouch! That really hurt!
You die...
Your body crumbles into a pile of gold.

#...w..## #.#.#
#.......##.# #...#
#.......##.# #...# ###
#.......##.# #..####..
.....$...## #.......#
#..###..###..#.####
#..$.#.............
#.>#.#...#.........
##w@#...............
##...###.###.........
#......$.............
#..).###..#......≈≈≈≈
##..### #.......≈§≈§§§
#...# #...#.≈≈≈≈§§§§
##...# #...#...≈≈≈§§§
#....#####.......≈≈≈≈≈≈
#.................≈≈≈≈≈


You could see a worm.

Vanquished Creatures
  A worm (D:2)
  3 goblins
  4 hobgoblins (D:1)
  6 kobolds
  A bat (D:1)
  4 frilled lizards
  3 rats
22 creatures vanquished.

Vanquished Creatures (others)
  A goblin (D:2)
1 creature vanquished.

Grand Total: 23 creatures vanquished

Notes
Turn   | Place    | Note
-------+----------+-------------------------------------------
     0 | D:1      | Zedayar the Spriggan Assassin began the quest for the Orb.
     0 | D:1      | Reached XP level 1. HP: 10/10 MP: 2/2
   104 | D:1      | Reached skill level 6 in Stealth
   305 | D:1      | Reached XP level 2. HP: 3/14 MP: 3/3
   786 | D:2      | Found an opulent altar of Gozag.
   807 | D:2      | Became a worshipper of Gozag Ym Sagoz the Greedy
   865 | D:2      | Found a hide-covered altar of Uskayaw.
   865 | D:2      | Found a bloodstained altar of Trog.
  1193 | D:2      | Mangled by a worm

Skill      XL: |  1 |
---------------+----+-----
Stealth        | 6 |  6.7
Fighting       | |  1.5
Short Blades   | |  2.7
Throwing       | |  2.1
Dodging        | |  1.9

Action                   || total
-------------------------++-------
Melee: Dagger            ||    90
 Stab: Sleeping          ||     4
Armor: Robe              ||     7
Dodge: Dodged            ||    52
